[ AOE2 MATCH · #504957932 ]
UnrankedMaya vs Chinese
Player's team · WIN
Rival team · LOSS
[ REPLAY ANALYSIS · EXTRACTED FROM THE RECORDED GAME ]
Feudal
13:22
Castle
23:16
Imperial
37:52
| APM avg | 67.6 |
| APM peak | 126 |
| eAPM avg | 27.5 |
| Villagers / military | 90 / 102 |
Focus
⚔️ 30.1% · 🌾 69.9%
Eagle Scout ×59 · Spearman ×26 · Monk ×6 · Skirmisher ×6 · Militia ×3 · Mangonel ×2
Feudal
10:04
Castle
26:58
Imperial
—
| APM avg | 60.0 |
| APM peak | 92 |
| eAPM avg | 33.0 |
| Villagers / military | 138 / 152 |
Focus
⚔️ 34.5% · 🌾 65.5%
Knight ×80 · Archer ×35 · Scout Cavalry ×31 · Monk ×3 · Iron Pagoda ×3
Match map
Initial resources + every placement click. Lines = walls · curves = elevation contours. ◆ gold · ⬟ stone · ● berries · ✦ relic · ◌ wall gap
Your base· Open — unwalled flank
wanjiadg's base· ✓ Closed at 26:58 · 15t walls · 2 gate(s)
Smoothed initial terrain · ◌ = detected wall gap · hover for details
Inputs per minute
— PomPom - - wanjiadg
Build order — PomPom
First 150 of 283 actions detected
| 0:01 | Research | Loom |
| 0:02 | Build | House |
| 0:03 | Build | House |
| 0:10 | Queue | Villager (Male) |
| 0:10 | Queue | Villager (Male) |
| 0:23 | Queue | Villager (Male) |
| 1:27 | Queue | Villager (Male) |
| 2:03 | Queue | Villager (Male) |
| 2:03 | Queue | Villager (Male) |
| 2:12 | Queue | Villager (Male) |
| 2:41 | Queue | Villager (Male) |
| 3:02 | Build | House |
| 3:07 | Queue | Villager (Male) |
| 3:34 | Build | Barracks |
| 3:38 | Queue | Villager (Male) |
| 3:48 | Queue | Villager (Male) |
| 4:26 | Queue | Villager (Male) |
| 4:29 | Queue | Militia |
| 4:30 | Queue | Militia |
| 4:54 | Queue | Villager (Male) |
| 5:19 | Queue | Villager (Male) |
| 5:24 | Build | House |
| 5:49 | Queue | Militia |
| 5:54 | Queue | Villager (Male) |
| 5:54 | Queue | Villager (Male) |
| 6:12 | Queue | Villager (Male) |
| 6:49 | Queue | Villager (Male) |
| 6:52 | Build | Lumber Camp |
| 7:04 | Build | House |
| 7:17 | Queue | Villager (Male) |
| 7:26 | Queue | Villager (Male) |
| 7:55 | Build | House |
| 8:01 | Build | Mill |
| 8:09 | Queue | Villager (Male) |
| 8:09 | Queue | Villager (Male) |
| 8:36 | Build | Farm |
| 8:50 | Queue | Villager (Male) |
| 8:51 | Build | Mining Camp |
| 8:54 | Build | Farm |
| 9:24 | Queue | Villager (Male) |
| 10:00 | Queue | Villager (Male) |
| 10:05 | Build | Farm |
| 10:20 | Queue | Villager (Male) |
| 10:22 | Build | Farm |
| 10:27 | Build | Farm |
| 10:51 | Build | Farm |
| 11:12 | Research | Feudal Age |
| 11:18 | Build | Farm |
| 11:37 | Build | Barracks |
| 11:39 | Build | Palisade Wall |
| 11:45 | Build | House |
| 11:47 | Build | Barracks |
| 12:01 | Build | House |
| 12:02 | Build | Palisade Wall |
| 12:33 | Build | Palisade Wall |
| 13:12 | Build | House |
| 13:17 | Build | Farm |
| 13:21 | Queue | Villager (Male) |
| 13:22 | Age | Feudal Age |
| 13:23 | Queue | Eagle Scout ×3 |
| 13:29 | Build | Blacksmith |
| 13:38 | Build | Blacksmith |
| 13:51 | Queue | Villager (Male) |
| 13:51 | Queue | Villager (Male) |
| 14:10 | Build | Archery Range |
| 15:03 | Queue | Villager (Male) |
| 15:04 | Queue | Villager (Male) |
| 15:07 | Queue | Villager (Male) |
| 15:08 | Queue | Skirmisher |
| 15:08 | Queue | Skirmisher |
| 15:26 | Queue | Villager (Male) |
| 15:29 | Research | Scale Mail Armor |
| 15:55 | Queue | Skirmisher |
| 15:56 | Queue | Skirmisher |
| 15:58 | Queue | Villager (Male) |
| 16:00 | Research | Fletching |
| 16:03 | Build | Farm |
| 16:04 | Research | Double-Bit Axe |
| 16:05 | Research | Double-Bit Axe |
| 16:05 | Research | Horse Collar |
| 16:05 | Research | Horse Collar |
| 16:28 | Build | Market |
| 17:09 | Queue | Eagle Scout ×2 |
| 17:16 | Queue | Villager (Male) |
| 17:17 | Queue | Villager (Male) |
| 17:20 | Build | Farm |
| 17:25 | Build | Farm |
| 17:45 | Build | House |
| 17:46 | Queue | Villager (Male) |
| 17:49 | Build | House |
| 17:50 | Build | House |
| 17:57 | Queue | Skirmisher |
| 17:57 | Queue | Skirmisher |
| 17:59 | Queue | Eagle Scout ×2 |
| 18:49 | Queue | Villager (Male) |
| 18:50 | Queue | Villager (Male) |
| 18:53 | Build | House |
| 18:59 | Build | Palisade Wall |
| 19:02 | Build | Farm |
| 19:10 | Build | Barracks |
| 19:11 | Queue | Eagle Scout ×5 |
| 19:37 | Build | Palisade Wall |
| 19:52 | Build | House |
| 19:53 | Build | House |
| 20:07 | Build | Palisade Wall |
| 20:36 | Research | Castle Age |
| 20:40 | Build | Mining Camp |
| 20:42 | Queue | Eagle Scout ×4 |
| 21:13 | Build | House |
| 21:15 | Build | Palisade Wall |
| 21:16 | Build | Palisade Wall |
| 21:47 | Research | Forging |
| 21:48 | Queue | Eagle Scout ×3 |
| 21:54 | Build | Farm |
| 21:54 | Build | Farm |
| 21:55 | Build | Farm |
| 21:57 | Build | Farm |
| 22:01 | Build | Watch Tower |
| 22:30 | Build | Farm |
| 22:55 | Build | Farm |
| 22:57 | Build | Farm |
| 22:59 | Build | Farm |
| 23:05 | Build | Palisade Wall |
| 23:06 | Build | Farm |
| 23:09 | Queue | Eagle Scout ×5 |
| 23:16 | Age | Castle Age |
| 23:16 | Research | Squires |
| 23:32 | Research | Eagle Warrior (upgrade) |
| 23:41 | Build | Farm |
| 23:46 | Build | Farm |
| 23:48 | Build | Farm |
| 23:49 | Build | Farm |
| 23:59 | Research | Wheelbarrow |
| 24:05 | Build | Mining Camp |
| 24:07 | Queue | Villager (Male) |
| 24:24 | Queue | Eagle Scout ×5 |
| 24:26 | Build | Farm |
| 24:30 | Build | Farm |
| 25:05 | Queue | Eagle Scout ×5 |
| 25:18 | Research | Arson |
| 25:18 | Research | Arson |
| 25:22 | Queue | Villager (Male) |
| 25:23 | Build | Farm |
| 25:27 | Build | Farm |
| 25:42 | Research | Iron Casting |
| 25:42 | Research | Iron Casting |
| 25:52 | Build | Watch Tower |
| 25:55 | Queue | Villager (Male) |
| 25:58 | Queue | Eagle Scout |
| 26:33 | Build | Farm |
Build order — wanjiadg
First 150 of 474 actions detected
| 0:00 | Research | Loom |
| 0:00 | Research | Loom |
| 0:49 | Queue | Villager (Male) |
| 0:49 | Queue | Villager (Male) |
| 0:49 | Queue | Villager (Male) |
| 1:15 | Queue | Villager (Male) |
| 1:15 | Queue | Villager (Male) |
| 1:42 | Queue | Villager (Male) |
| 1:42 | Queue | Villager (Male) |
| 1:42 | Queue | Villager (Male) |
| 1:45 | Build | Lumber Camp |
| 2:09 | Queue | Villager (Male) |
| 2:10 | Queue | Villager (Male) |
| 2:10 | Queue | Villager (Male) |
| 2:28 | Queue | Villager (Male) |
| 2:28 | Queue | Villager (Male) |
| 2:28 | Queue | Villager (Male) |
| 2:48 | Queue | Villager (Male) |
| 2:48 | Queue | Villager (Male) |
| 2:48 | Queue | Villager (Male) |
| 3:17 | Queue | Villager (Male) |
| 3:18 | Queue | Villager (Male) |
| 3:30 | Build | House |
| 3:35 | Build | House |
| 3:45 | Queue | Villager (Male) |
| 3:45 | Queue | Villager (Male) |
| 3:45 | Queue | Villager (Male) |
| 3:46 | Queue | Villager (Male) |
| 4:27 | Queue | Villager (Male) |
| 4:50 | Queue | Villager (Male) |
| 5:07 | Build | Mill |
| 5:12 | Queue | Villager (Male) |
| 5:17 | Queue | Villager (Male) |
| 5:17 | Queue | Villager (Male) |
| 5:17 | Queue | Villager (Male) |
| 6:34 | Build | Palisade Gate |
| 7:17 | Queue | Villager (Male) |
| 7:54 | Research | Feudal Age |
| 7:54 | Research | Feudal Age |
| 8:01 | Build | Lumber Camp |
| 8:21 | Build | Barracks |
| 8:47 | Build | Mining Camp |
| 9:01 | Build | House |
| 9:35 | Queue | Villager (Male) |
| 9:36 | Queue | Villager (Male) |
| 9:46 | Build | Palisade Wall |
| 9:48 | Build | Palisade Wall |
| 10:04 | Age | Feudal Age |
| 10:06 | Build | Archery Range |
| 10:10 | Build | House |
| 10:19 | Build | Mill |
| 10:29 | Build | Farm |
| 10:29 | Build | Farm |
| 10:35 | Queue | Archer |
| 10:35 | Queue | Archer |
| 10:35 | Queue | Archer |
| 10:43 | Build | Palisade Wall |
| 10:44 | Build | Palisade Wall |
| 10:47 | Build | Palisade Wall |
| 10:50 | Build | Palisade Wall |
| 10:54 | Queue | Archer |
| 11:04 | Build | House |
| 11:06 | Build | Farm |
| 11:12 | Queue | Villager (Male) |
| 11:12 | Queue | Villager (Male) |
| 11:12 | Queue | Villager (Male) |
| 11:22 | Build | Farm |
| 11:24 | Build | Farm |
| 11:36 | Build | House |
| 11:38 | Build | Palisade Wall |
| 11:39 | Build | Palisade Wall |
| 11:42 | Queue | Villager (Male) |
| 11:42 | Queue | Villager (Male) |
| 11:43 | Queue | Villager (Male) |
| 11:45 | Build | Farm |
| 12:04 | Build | House |
| 12:07 | Build | Farm |
| 12:09 | Queue | Villager (Male) |
| 12:09 | Queue | Villager (Male) |
| 12:09 | Queue | Villager (Male) |
| 12:15 | Build | House |
| 12:24 | Build | House |
| 12:27 | Build | Palisade Wall |
| 12:28 | Build | Palisade Wall |
| 12:31 | Queue | Villager (Male) |
| 12:31 | Queue | Villager (Male) |
| 12:35 | Queue | Archer |
| 12:36 | Queue | Archer |
| 12:44 | Queue | Archer |
| 12:44 | Queue | Archer |
| 12:49 | Build | Farm |
| 13:04 | Queue | Villager (Male) |
| 13:06 | Build | Farm |
| 13:17 | Queue | Villager (Male) |
| 13:17 | Queue | Villager (Male) |
| 13:42 | Build | Stable |
| 13:43 | Queue | Villager (Male) |
| 13:58 | Queue | Archer |
| 14:01 | Queue | Villager (Male) |
| 14:22 | Build | Farm |
| 14:23 | Research | Double-Bit Axe |
| 14:23 | Research | Double-Bit Axe |
| 14:28 | Queue | Archer |
| 14:29 | Queue | Archer |
| 14:41 | Build | Farm |
| 14:43 | Queue | Scout Cavalry |
| 14:43 | Queue | Scout Cavalry |
| 15:03 | Queue | Archer |
| 15:04 | Queue | Archer |
| 15:05 | Queue | Villager (Male) |
| 15:05 | Queue | Villager (Male) |
| 15:09 | Build | Farm |
| 15:20 | Build | Farm |
| 15:40 | Queue | Scout Cavalry |
| 15:49 | Queue | Archer |
| 15:49 | Queue | Archer |
| 15:49 | Queue | Villager (Male) |
| 15:59 | Build | Blacksmith |
| 16:03 | Queue | Scout Cavalry |
| 16:06 | Queue | Villager (Male) |
| 16:13 | Queue | Archer |
| 16:18 | Queue | Villager (Male) |
| 16:25 | Build | Farm |
| 16:30 | Research | Horse Collar |
| 16:30 | Research | Horse Collar |
| 16:30 | Research | Horse Collar |
| 16:57 | Queue | Scout Cavalry |
| 16:58 | Queue | Archer |
| 16:59 | Queue | Archer |
| 17:25 | Queue | Scout Cavalry |
| 17:25 | Queue | Scout Cavalry |
| 17:27 | Queue | Villager (Male) |
| 17:28 | Queue | Villager (Male) |
| 17:28 | Queue | Villager (Male) |
| 17:30 | Build | Farm |
| 17:32 | Build | Farm |
| 17:43 | Research | Fletching |
| 17:56 | Queue | Archer |
| 18:03 | Build | Archery Range |
| 18:06 | Queue | Scout Cavalry |
| 18:07 | Queue | Archer |
| 18:08 | Queue | Archer |
| 18:09 | Queue | Villager (Male) |
| 18:09 | Queue | Villager (Male) |
| 18:09 | Queue | Villager (Male) |
| 18:45 | Queue | Archer |
| 18:47 | Queue | Scout Cavalry |
| 18:50 | Queue | Villager (Male) |
| 18:59 | Queue | Villager (Male) |
| 19:05 | Build | Farm |
Match timeline
| 3:34 | PomPom · first_building Barracks |
| 8:21 | wanjiadg · first_building Barracks |
| 9:46 | wanjiadg · wall_segment Palisade Wall x1 |
| 9:48 | wanjiadg · wall_segment Palisade Wall x1 |
| 10:04 | wanjiadg · age_up feudal |
| 10:06 | wanjiadg · first_building Archery Range |
| 10:43 | wanjiadg · wall_segment Palisade Wall x1 |
| 10:44 | wanjiadg · wall_segment Palisade Wall x1 |
| 10:47 | wanjiadg · wall_segment Palisade Wall x1 |
| 10:50 | wanjiadg · wall_segment Palisade Wall x1 |
| 11:38 | wanjiadg · wall_segment Palisade Wall x1 |
| 11:39 | PomPom · wall_segment Palisade Wall x1 |
| 11:39 | wanjiadg · wall_segment Palisade Wall x5 |
| 12:02 | PomPom · wall_segment Palisade Wall x5 |
| 12:27 | wanjiadg · wall_segment Palisade Wall x1 |
| 12:28 | wanjiadg · wall_segment Palisade Wall x1 |
| 12:33 | PomPom · wall_segment Palisade Wall x11 |
| 13:22 | PomPom · age_up feudal |
| 13:42 | wanjiadg · first_building Stable |
| 14:10 | PomPom · first_building Archery Range |
| 18:59 | PomPom · wall_segment Palisade Wall x2 |
| 19:37 | PomPom · wall_segment Palisade Wall x4 |
| 20:07 | PomPom · wall_segment Palisade Wall x6 |
| 21:15 | PomPom · wall_segment Palisade Wall x6 |
| 21:16 | PomPom · wall_segment Palisade Wall x1 |
| 23:05 | PomPom · wall_segment Palisade Wall x1 |
| 23:16 | PomPom · age_up castle |
| 23:43 | PomPom · first_market_buy 100 food |
| 25:41 | wanjiadg · wall_segment Stone Wall x1 |
| 26:44 | PomPom · first_building Siege Workshop |
| 26:58 | wanjiadg · age_up castle |
| 27:58 | wanjiadg · first_market_sell 100 wood |
| 27:59 | wanjiadg · first_market_buy 100 stone |
| 28:31 | PomPom · first_building Monastery |
| 29:22 | PomPom · first_market_sell 100 food |
| 30:12 | PomPom · wall_segment Palisade Wall x1 |
| 30:27 | PomPom · wall_segment Palisade Wall x1 |
| 30:27 | wanjiadg · first_building Siege Workshop |
| 33:01 | wanjiadg · first_building Monastery |
| 35:58 | PomPom · first_building Castle |
| 37:30 | wanjiadg · first_building Castle |
| 37:52 | PomPom · age_up imperial |
| 39:43 | PomPom · wall_segment Stone Wall x1 |
| 39:44 | PomPom · wall_segment Stone Wall x1 |
| 39:46 | PomPom · wall_segment Stone Wall x1 |
| 40:15 | wanjiadg · resign |
[ AI ANALYSIS · 1 CREDIT ]
What really happened in this match?
Wolo.gg analyzes every decision: build order, eco, micro, common mistakes by bracket. Personalized analysis on WhatsApp or Discord in 30 seconds.
Civ guide
Maya
Perfil
Jugador #455708